 Dungeon Crawl Stone Soup version 0.30.0-30-g96aa6591b8 (webtiles) character file.

Game seed: 5216161169344998136

57155 Tirrikindir the Carver (level 14, -23/102 HPs)
             Began as an Octopode Fighter on June 26, 2023.
             Was a High Priest of Okawaru.
             Annihilated by a minotaur simulacrum (26 damage)
             ... on level 15 of the Dungeon.
             The game lasted 00:55:57 (17378 turns).

Tirrikindir the Carver (Octopode Fighter)          Turns: 17378, Time: 00:55:58

Health: -23/102    AC:  8    Str: 17    XL:     14   Next: 84%
Magic:  21/21      EV: 32    Int: 15    God:    Okawaru [*****.]
Gold:   597        SH:  9    Dex: 16    Spells: 13/16 levels left

rFire   . . .        Q - +1 scimitar (flame)
rCold   . . .        V - +1 buckler of the Land of Plenty {rElec rPois rN+++ Str-4}
rNeg    + + +        w - +1 hat
rPois   +            S - amulet of Vitality {RegenMP++ Regen++}
rElec   +            g - +6 ring of intelligence
rCorr   +            c - ring of flight
SInv    .            m - +5 ring of evasion
Will    +....        v - +4 ring of protection
Stlth   ++++++++     A - +5 ring of evasion
HPRegen 1.97/turn    N - +6 ring of strength
MPRegen 0.97/turn    P - ring of Weipnoj {rCorr Stlth+}
                     O - ring of poison resistance

%: no passive effects
@: heroic, flying, studying Shields
A: almost no armour, amphibious, 8 rings, camouflage 1, gelatinous body 1,
(nimble swimmer 1), tentacles, iridescent scales 1, dopey 1
a: Renounce Religion, Heroism, Finesse, Duel


You were on level 15 of the Dungeon.
You worshipped Okawaru.
Okawaru was extremely pleased with you.
You visited 3 branches of the dungeon, and saw 20 of its levels.
You also visited: Bailey and Gauntlet.

You collected 1626 gold pieces.
You spent 1029 gold pieces at shops.

Inventory:

Hand Weapons
 Q - a +1 scimitar of flaming (weapon)
Missiles
 d - 53 poisoned darts (quivered)
Armour
 w - a +1 hat (worn)
 V - the +1 buckler of the Land of Plenty (worn) {rElec rPois rN+++ Str-4}
   (Okawaru gifted it to you on level 2 of the Lair of Beasts)

   Str:       It affects your strength (-4).
   rElec:     It insulates you from electricity.
   rPois:     It protects you from poison.
   rN:        It renders you almost immune to negative energy.
Jewellery
 b - a +6 ring of intelligence
 c - a ring of flight (right tentacle)
 f - a +6 ring of dexterity
 g - a +6 ring of intelligence (left tentacle)
 m - a +5 ring of evasion (on tentacle)
 v - a +4 ring of protection (on tentacle)
 A - a +5 ring of evasion (on tentacle)
 N - a +6 ring of strength (on tentacle)
 O - a ring of poison resistance (on tentacle)
 P - the ring of Weipnoj (on tentacle) {rCorr Stlth+}
   (You bought it in a shop on level 12 of the Dungeon)

   [ring of resist corrosion]

   rCorr:     It protects you from acid and corrosion.
   Stlth:     It makes you more stealthy.
 S - the amulet of Vitality (around mantle) {RegenMP++ Regen++}
   (You found it in a Gauntlet)

   [amulet of magic regeneration]

   It increases your rate of magic regeneration.
   Regen:     It increases your rate of health regeneration.
 W - a ring of ice
Wands
 a - a wand of iceblast (23)
 u - a wand of light (5)
 G - a wand of digging (6)
 U - a wand of flame (11)
 X - a wand of polymorph (8)
 Y - a wand of mindburst (8)
Scrolls
 k - a scroll of silence
 l - 8 scrolls of enchant armour
 q - 2 scrolls of blinking
 s - 7 scrolls of teleportation
 y - 5 scrolls of enchant weapon
 D - 3 scrolls of brand weapon
 F - 2 scrolls of amnesia
 L - 5 scrolls of fog
 M - 4 scrolls of fear
 R - 5 scrolls of identify
 T - 2 scrolls of poison
Potions
 e - a potion of cancellation
 h - 7 potions of flight
 i - 4 potions of magic
 j - 6 potions of curing
 n - 2 potions of ambrosia
 r - a potion of haste
 t - 9 potions of heal wounds
 z - a potion of mutation
 E - 2 potions of brilliance
 H - a potion of resistance
 J - a potion of invisibility


   Skills:
 * Level 11.7(16.7) Fighting
 * Level 13.7(18.7) Long Blades
 - Level 3.0(8.0) Throwing
 * Level 10.7(15.7) Dodging
 - Level 10.0(15.0) Stealth
 * Level 11.6(16.6) Shields
 + Level 1.9 Spellcasting
 + Level 2.2 Conjurations
 + Level 2.1 Hexes
 + Level 9.8 Invocations
 - Level 6.0 Evocations


You had 13 spell levels left.
You knew the following spells:

 Your Spells              Type           Power      Damage    Failure   Level
a - Dazzling Flash        Conj/Hex       16%        N/A       30%         3

Your spell library contained the following spells:

 Spells                   Type           Power      Damage    Failure   Level
 Foxfire                  Conj/Fire      16%        2x1d4     16%         1
 Ensorcelled Hibernation  Hex/Ice        8%         N/A       24%         2
 Static Discharge         Conj/Air       8%         2-3/arc   24%         2
 Apportation              Tloc           2%         N/A       26%         1
 Necrotise                Necr           4%         1d4       26%         1
 Cigotuvi's Dreadful Rot  Necr/Pois/Air  2%         N/A       36%         2
 Portal Projectile        Hex/Tloc       8%         N/A       43%         3
 Spider Form              Tmut/Pois      1%         N/A       58%         3
 Vampiric Draining        Necr           1%         2d6       58%         3
 Cause Fear               Hex            4%         N/A       69%         4
 Anguish                  Hex/Necr       2%         N/A       83%         4
 Leda's Liquefaction      Hex/Erth       2%         N/A       83%         4
 Sticky Flame             Conj/Fire      4%         2d3       83%         4
 Airstrike                Air            0%         2d(1-17)  94%         4
 Dispel Undead            Necr           1%         3d6       94%         4
 Olgreb's Toxic Radiance  Pois           1%         N/A       94%         4
 Arcjolt                  Conj/Air       2%         1d12      99%         5
 Fireball                 Conj/Fire      2%         3d4       99%         5
 Silence                  Hex/Air        2%         N/A       99%         5
 Agony                    Necr           1%         N/A       100%        5
 Blade Hands              Tmut           0%         N/A       100%        5
 Lee's Rapid Deconstruct  Erth           0%         3d4*      100%        5
 Plasma Beam              Fire/Air       0%         2x1d11    100%        6
 Starburst                Conj/Fire      2%         6d3       100%        6
 Statue Form              Tmut/Erth      0%         N/A       100%        6
 Discord                  Hex            4%         N/A       100%        8
 Ignition                 Fire           0%         3d3       100%        8
 Summon Small Mammal      Summ           Unusable   N/A       N/A         1
 Tukima's Dance           Hex            Unusable   N/A       N/A         3
 Summon Lightning Spire   Summ/Air       Unusable   N/A       N/A         4
 Death Channel            Necr           Unusable   N/A       N/A         6

Dungeon Overview and Level Annotations

Branches:
Dungeon (13/15)            Temple (1/1) D:7            Lair (5/5) D:11
  Swamp (0/4) Lair:2       Spider (0/4) Lair:3          Orc (0/2) D:9
 Bailey (visited)         Gauntlet (visited)
  Slime: Lair:4-5    Vaults: D:13-14

Altars:
Ashenzari
Cheibriados
Dithmenos
Elyvilon
Fedhas
Gozag
Hepliaklqana
Kikubaaqudgha
Makhleb
Nemelex Xobeh
Okawaru
Qazlal
Ru
Sif Muna
Trog
Uskayaw
Vehumet
Wu Jian
Xom
Yredelemnul
Zin
The Shining One

Shops:
D:12 =

Portals:
Trove: D:10 (give horn of Geryon)
Ice
Cave: D:15


Innate Abilities, Weirdness & Mutations

You cannot wear most types of armour.
You are amphibious.
You can wear up to eight rings at the same time.
Your skin changes colour to match your surroundings (Stealth+).
Your rubbery body absorbs attacks. (AC +1, EV +1)
((You are camouflaged when in or above water. (Stealth+)))
You have tentacles for arms and can constrict up to eight enemies at once.
You are partially covered in iridescent scales. (AC +2)
You are dopey. (Int -2)


Message History

The deep troll simulacrum is almost destroyed.
You constrict the minotaur simulacrum. The harpy simulacrum claws you.
The harpy simulacrum freezes you! The harpy simulacrum misses you.
The deep troll simulacrum completely misses you.
The deep troll simulacrum closely misses you.
The deep troll simulacrum completely misses you.
You slash the deep troll simulacrum!
You melt the deep troll simulacrum.
The deep troll simulacrum vaporises!
Okawaru accepts your kill.
You constrict the minotaur simulacrum.
The harpy simulacrum completely misses you. x2
You block the minotaur simulacrum's attack.
The minotaur simulacrum misses you. The harpy simulacrum misses you. x2
You slash the harpy simulacrum!
You melt the harpy simulacrum.
Your grab misses the harpy simulacrum.
The harpy simulacrum is heavily damaged.
You constrict the minotaur simulacrum.
The harpy simulacrum completely misses you. x2
The harpy simulacrum claws you but does no damage. x2
The minotaur simulacrum closely misses you. x2
You hit the minotaur simulacrum but do no damage.
The minotaur simulacrum is heavily damaged.
You constrict the minotaur simulacrum. The harpy simulacrum claws you!
The harpy simulacrum freezes you!
* * * LOW HITPOINT WARNING * * *
The harpy simulacrum claws you but does no damage.
Unknown command.
You release your grip on the minotaur simulacrum.
The harpy simulacrum attacks as you move away!
The harpy simulacrum completely misses you. x2
The harpy simulacrum misses you. x2
You block the harpy simulacrum's attack.
The harpy simulacrum claws you but does no damage.
You slash the harpy simulacrum!
You melt the harpy simulacrum.
The harpy simulacrum vaporises!
Okawaru accepts your kill. The minotaur simulacrum hits you!
* * * LOW HITPOINT WARNING * * *
The minotaur simulacrum freezes you!!
You die...

#..............#..
...............##..
...#............#
...#..∩.......... .# ..
................#.
.....?...# .....#
.........####.....#.
#....°..#..........
##...☼@............
#....Z............?
#.................
...!..............# ....
.........#......#. ...
.........#......# ...
.........##.....#######.#
..........#.....##....#.#
.......................#


You could see a minotaur simulacrum.

Vanquished Creatures
  A quicksilver ooze (Gauntlet)
  A minotaur (Gauntlet)
  Fannar (Lair:2)
  A hydra (Lair:2)
  The ghost of booth the Destroyer, a journeyman DsRe of Okawaru (D:11)
  3 two-headed ogres
  A catoblepas (Lair:1)
  6 boulder beetles
  5 death yaks
  A fire crab (Lair:3)
  A skyshark (Lair:3)
  A spriggan simulacrum (D:15)
  An orc knight (Bailey)
  A cyclops (D:12)
  4 manticores
  A worldbinder (Gauntlet)
  Maurice (D:12)
  2 elephants
  A rust devil (Gauntlet)
  3 black mambas
  4 cane toads
  A torpor snail (Lair:2)
  2 kobold demonologists (D:9)
  6 komodo dragons
  An efreet (D:12)
  A rime drake (Lair:2)
  2 tengu conjurers (D:9)
  A queen bee (Lair:2)
  4 trolls
  A hornet (D:9)
  10 blink frogs
  17 slime creatures
  2 shadows (D:11)
  Sigmund (D:6)
  A ynoxinul (Gauntlet)
  5 wyverns
  2 wraiths
  46 yaks
  2 basilisks (Lair:2)
  2 steam dragons
  2 vampire mosquitoes (D:11)
  2 minotaur simulacra (D:15)
  A fire elemental (Lair:3)
  2 neqoxecs (D:11)
  Menkaure (D:7)
  A harpy simulacrum (D:15)
  14 water moccasins
  An acid dragon (D:13)
  3 swamp worms (Lair:2)
  Pargi (D:4)
  An ice beast (D:5)
  3 black bears
  3 boggarts (Gauntlet)
  12 orc warriors
  14 wolves
  3 ogres
  2 phantoms
  Blork the orc (D:4)
  10 bullfrogs
  5 kobold brigands
  A gnoll sergeant (D:11)
  3 deep troll simulacra (D:15)
  6 scorpions
  12 wights
  25 killer bees (Lair:2)
  2 howler monkeys
  A lava snake (Lair:3)
  3 quasits (D:11)
  3 jellies
  2 iron imps (Gauntlet)
  5 hounds
  7 orc priests
  4 iguanas
  13 orc wizards
  Terence (D:2)
  Crazy Yiuf (D:6)
  A sleepcap (D:4)
  A human simulacrum (D:10)
  12 gnolls
  10 adders
  A shadow imp (D:6)
  4 white imps
  An ufetubus (D:4)
  2 worms
  2 dart slugs
  54 orcs
  2 bat zombies (D:5)
  4 endoplasms
  5 giant cockroaches
  4 hobgoblins
  8 jackals
  4 quokkas
  4 ball pythons
  7 bats
  3 frilled lizards
  8 goblins
  29 kobolds
  A rat zombie (D:5)
  A butterfly (D:7)
487 creatures vanquished.

Vanquished Creatures (others)
  A deep elf pyromancer (D:12)
  A centaur simulacrum (D:12)
  A swamp drake (D:9)
  A kobold brigand (D:7)
  An iguana (D:4)
  An orc wizard (D:9)
  A human simulacrum (D:10)
  3 giant cockroaches
10 creatures vanquished.

Grand Total: 497 creatures vanquished

Notes
Turn   | Place    | Note
-------+----------+-------------------------------------------
     0 | D:1      | Tirrikindir the Octopode Fighter began the quest for the
                  | Orb.
     0 | D:1      | Reached XP level 1. HP: 16/16 MP: 1/1
   210 | D:1      | Reached XP level 2. HP: 21/21 MP: 2/2
   487 | D:1      | Reached skill level 1 in Stealth
   691 | D:2      | Reached XP level 3. HP: 17/26 MP: 3/3
  1042 | D:2      | Reached skill level 3 in Long Blades
  1042 | D:2      | Reached XP level 4. HP: 28/31 MP: 4/4
  1297 | D:2      | Noticed Terence
  1309 | D:2      | Killed Terence
  1798 | D:3      | Reached XP level 5. HP: 36/36 MP: 5/5
  2104 | D:3      | Found an iron altar of Okawaru.
  2119 | D:3      | Became a worshipper of Warmaster Okawaru
  2479 | D:4      | Noticed Blork the orc
  2487 | D:4      | Killed Blork the orc
  2488 | D:4      | Reached XP level 6. HP: 20/43 MP: 6/6
  2492 | D:4      | Reached skill level 4 in Long Blades
  2746 | D:4      | Reached * piety under Okawaru
  2780 | D:4      | Noticed Pargi
  2799 | D:4      | Killed Pargi
  2800 | D:4      | Reached XP level 7. HP: 26/48 MP: 7/7
  2807 | D:4      | Reached skill level 5 in Long Blades
  2923 | D:4      | Found a shimmering altar of Xom.
  3415 | D:4      | Reached ** piety under Okawaru
  3419 | D:4      | Reached skill level 5 in Stealth
  3663 | D:5      | Entered Level 5 of the Dungeon
  3759 | D:5      | Reached XP level 8. HP: 38/54 MP: 8/8
  3767 | D:5      | Reached skill level 6 in Long Blades
  3839 | D:5      | Reached skill level 1 in Invocations
  3839 | D:5      | Reached skill level 1 in Evocations
  3850 | D:5      | Reached skill level 5 in Fighting
  4092 | D:5      | Found an ancient bone altar of Kikubaaqudgha.
  4302 | D:6      | Found a bloodstained altar of Trog.
  4581 | D:6      | Noticed Sigmund
  4591 | D:6      | Killed Sigmund
  4592 | D:6      | Reached skill level 7 in Long Blades
  4600 | D:6      | Reached *** piety under Okawaru
  4700 | D:6      | Found a runed translucent door.
  4701 | D:6      | Noticed Crazy Yiuf
  4706 | D:6      | Killed Crazy Yiuf
  4908 | D:7      | Reached XP level 9. HP: 33/61 MP: 11/11
  5033 | D:7      | Found a staircase to the Ecumenical Temple.
  5042 | Temple   | Entered the Ecumenical Temple
  5293 | D:7      | Reached skill level 8 in Long Blades
  5360 | D:7      | Noticed Menkaure
  5364 | D:7      | Killed Menkaure
  5609 | D:8      | Found a flagged portal.
  5623 | Bailey   | Entered a bailey
  5706 | Bailey   | Reached skill level 9 in Long Blades
  5709 | Bailey   | Reached skill level 5 in Invocations
  5754 | Bailey   | Reached skill level 10 in Long Blades
  5754 | Bailey   | Reached skill level 5 in Dodging
  5754 | Bailey   | Reached XP level 10. HP: 72/72 MP: 12/15
  5757 | Bailey   | Reached skill level 11 in Long Blades
  5757 | Bailey   | Reached skill level 5 in Shields
  5757 | Bailey   | Reached XP level 11. HP: 78/78 MP: 12/16
  5805 | Bailey   | Noticed an orc knight
  5822 | Bailey   | Killed an orc knight
  5822 | Bailey   | Received a gift from Okawaru
  6283 | D:8      | Found an opulent altar of Gozag.
  6377 | D:8      | Found a shimmering blue altar of Sif Muna.
  6387 | D:8      | Found a radiant altar of Vehumet.
  6465 | D:8      | Reached skill level 5 in Evocations
  6543 | D:8      | Noticed a two-headed ogre
  6555 | D:8      | Killed a two-headed ogre
  6555 | D:8      | Reached **** piety under Okawaru
  6654 | D:9      | Found a sparkling altar of Nemelex Xobeh.
  6789 | D:9      | Reached XP level 12. HP: 84/84 MP: 15/17
  6832 | D:9      | Found the sphere of Battle
  7134 | D:9      | Reached skill level 10 in Stealth
  7503 | D:9      | Found a staircase to the Orcish Mines.
  7804 | D:10     | Entered Level 10 of the Dungeon
  7854 | D:10     | Found a portal to a secret trove of treasure.
  7902 | D:10     | Found a shadowy altar of Dithmenos.
  7974 | D:10     | Received a gift from Okawaru
  8118 | D:10     | Gained mutation: Your spells are a little harder to cast,
                  | but a little more powerful. [potion of mutation]
  8118 | D:10     | Gained mutation: You are somewhat resistant to further
                  | mutation. [potion of mutation]
  8119 | D:10     | Lost mutation: You are somewhat resistant to further
                  | mutation. [potion of mutation]
  8119 | D:10     | Lost mutation: Your spells are a little harder to cast, but
                  | a little more powerful. [potion of mutation]
  8119 | D:10     | Gained mutation: You have hidden genetic defects. [potion
                  | of mutation]
  8119 | D:10     | Gained mutation: You are agile. (Dex +4, Str/Int -1)
                  | [potion of mutation]
  8119 | D:10     | Gained mutation: Your skin blends seamlessly with your
                  | surroundings (Stealth++). [potion of mutation]
  8120 | D:10     | Lost mutation: Your skin blends seamlessly with your
                  | surroundings (Stealth++). [potion of mutation]
  8120 | D:10     | Lost mutation: You are agile. (Dex +4, Str/Int -1) [potion
                  | of mutation]
  8120 | D:10     | Lost mutation: You have hidden genetic defects. [potion of
                  | mutation]
  8120 | D:10     | Gained mutation: You are dopey. (Int -2) [potion of
                  | mutation]
  8120 | D:10     | Gained mutation: You are partially covered in iridescent
                  | scales. (AC +2) [potion of mutation]
  8728 | D:11     | Found a transporter.
  8732 | D:11     | Found a transporter.
  8734 | D:11     | Noticed booth's ghost (journeyman DsRe)
  8799 | D:11     | Found a transporter.
  8800 | D:11     | Found a transporter.
  8801 | D:11     | Noticed a boulder beetle
  8803 | D:11     | Noticed a boulder beetle
  9227 | D:11     | Noticed a two-headed ogre
  9230 | D:11     | Found a staircase to the Lair.
  9239 | D:11     | Reached skill level 12 in Long Blades
  9251 | D:11     | Killed a two-headed ogre
  9251 | D:11     | Reached ***** piety under Okawaru
  9548 | D:11     | Noticed a boulder beetle
  9589 | D:11     | Killed a boulder beetle
 10429 | D:12     | Found Zecubezose's Jewellery Emporium.
 10437 | D:12     | Bought a +6 ring of strength for 432 gold pieces
 10437 | D:12     | Bought a ring of poison resistance for 240 gold pieces
 10437 | D:12     | Bought the ring of Weipnoj {rCorr Stlth+} for 357 gold
                  | pieces
 10472 | D:12     | Reached XP level 13. HP: 92/92 MP: 17/19
 10499 | D:12     | Got the Treatise on Charming Outbursts
 11000 | D:12     | Noticed Maurice
 11012 | D:12     | Killed Maurice
 11076 | D:12     | Found the +2 ratskin cloak {*Rats rPois rN+ Str-1 Int-1
                  | Dex+1}
 11156 | D:12     | Reached skill level 10 in Fighting
 11641 | Lair:1   | Entered Level 1 of the Lair of Beasts
 12062 | Lair:1   | Received a gift from Okawaru
 12376 | Lair:2   | Received a gift from Okawaru
 12853 | Lair:2   | Found a staircase to the Swamp.
 13027 | Lair:2   | Received a gift from Okawaru
 13028 | Lair:2   | Reached skill level 13 in Long Blades
 13318 | Lair:2   | Identified the +6 giant spiked club "Yturicuz" {vamp, *Rage
                  | rPois rN+}
 13340 | Lair:2   | Reached skill level 10 in Shields
 13497 | Lair:2   | Noticed Fannar
 13507 | Lair:2   | Killed Fannar
 13507 | Lair:2   | Identified the +1 buckler of the Land of Plenty {rElec
                  | rPois rN+++ Str-4} (Okawaru gifted it to you on level 2 of
                  | the Lair of Beasts)
 13507 | Lair:2   | Received a gift from Okawaru
 13508 | Lair:2   | Reached XP level 14. HP: 99/99 MP: 18/20
 14043 | Lair:3   | Found a gate leading to a gauntlet.
 14052 | Gauntlet | Entered a Gauntlet
 14052 | Gauntlet | Found a transporter.
 14053 | Gauntlet | Found the amulet of the Air {Inacc Air Fly rElec RMsl}
 14061 | Gauntlet | Found a transporter.
 14063 | Gauntlet | Found a transporter.
 14065 | Gauntlet | Found a transporter.
 14067 | Gauntlet | Found a large runed translucent door.
 14067 | Gauntlet | Found a large runed translucent door.
 14068 | Gauntlet | Found a large runed translucent door.
 14068 | Gauntlet | Found a large runed translucent door.
 14090 | Gauntlet | Found a transporter.
 14097 | Gauntlet | Found a transporter.
 14105 | Gauntlet | Found a transporter.
 14121 | Gauntlet | Found a transporter.
 14139 | Gauntlet | Found the amulet of Vitality {RegenMP++ Regen++}
 14140 | Gauntlet | Found a transporter.
 14152 | Gauntlet | Noticed a quicksilver ooze
 14166 | Gauntlet | Found a large runed translucent door.
 14167 | Gauntlet | Found a large runed translucent door.
 14168 | Gauntlet | Found a large runed translucent door.
 14168 | Gauntlet | Found a large runed translucent door.
 14169 | Gauntlet | Found a runed translucent gate.
 14170 | Gauntlet | Found a transporter.
 14170 | Gauntlet | Found a runed translucent gate.
 14171 | Gauntlet | Found a runed translucent gate.
 14171 | Gauntlet | Found a large runed translucent door.
 14171 | Gauntlet | Found a large runed translucent door.
 14171 | Gauntlet | Found a runed translucent door.
 14171 | Gauntlet | Found a runed translucent door.
 14190 | Gauntlet | Found a large runed translucent door.
 14190 | Gauntlet | Found a large runed translucent door.
 14191 | Gauntlet | Found a large runed translucent door.
 14192 | Gauntlet | Found a large runed translucent door.
 14200 | Gauntlet | Found a transporter.
 14201 | Gauntlet | Found a large runed translucent door.
 14201 | Gauntlet | Found a large runed translucent door.
 14201 | Gauntlet | Found the +6 lightning scales {swift, rElec}
 14207 | Gauntlet | Found a transporter.
 14231 | Gauntlet | Found a transporter.
 14233 | Gauntlet | Noticed a reaper
 14236 | Gauntlet | Found a transporter.
 14238 | Gauntlet | Found a transporter.
 14261 | Gauntlet | Found a transporter.
 14262 | Gauntlet | Noticed a quicksilver ooze
 14266 | Gauntlet | Found a transporter.
 14315 | Gauntlet | Found a transporter.
 14371 | Gauntlet | Noticed an ironbound thunderhulk
 14371 | Gauntlet | Noticed an ironbound thunderhulk
 14371 | Gauntlet | Noticed an ironbound thunderhulk
 14523 | Gauntlet | Reached skill level 10 in Dodging
 14617 | Gauntlet | Killed a quicksilver ooze
 14652 | Gauntlet | Identified the +10 war axe "Patri" {flame, rElec}
 14734 | Lair:3   | Learned a level 3 spell: Dazzling Flash
 14752 | Lair:3   | Found a hole to the Spider Nest.
 15703 | Lair:4   | Reached skill level 1 in Hexes
 15711 | Lair:4   | Reached skill level 1 in Conjurations
 15736 | Lair:4   | Reached skill level 1 in Spellcasting
 15982 | Lair:4   | Received a gift from Okawaru
 16645 | Lair:5   | Entered Level 5 of the Lair of Beasts
 16808 | D:11     | Killed booth's ghost
 17248 | D:13     | You are sucked into a shaft and drop 2 floors!
 17248 | D:15     | Entered Level 15 of the Dungeon
 17281 | D:15     | Found a frozen archway.
 17378 | D:15     | HP: 3/102 [minotaur simulacrum (15)]
 17378 | D:15     | Annihilated by a minotaur simulacrum

Illustrated notes

Levels and vault maps discovered:
D:1:      erik_arrival_triangle_large, layout_loops_cross, dk_noncrumbling_4
D:2:      layout_loops_corners, dk_noncrumbling_3, kennysheep_cross_room,
          serial_bayou_pond_e, uniq_terence
D:3:      layout_basic, general_overflow_altar
D:4:      layout_basic, xom_confusion_cloud, chequers_serial_rivers_marsh,
          uniq_pargi, uniq_blork_the_orc
D:5:      layout_rooms, lemuel_zombie_altar_kikubaaqudgha, st_stairs_5,
          eino_tiny_chamber
D:6:      layout_basic, bloody_trog, uniq_sigmund, uniq_crazy_yiuf_cottage
D:7:      layout_rooms, minmay_temple_entry_butterflies, uniq_menkaure
D:8:      layout_loops_cross, grunt_gozag_breadcrumbs,
          mainiacjoe_overflow_swirl, enter_bailey_3,
          minmay_misc_feat_secret_circle, minivault_25
D:9:      layout_small_grid, nemelex_diamond_rough_becter, erik_orc_1,
          hellmonk_guarded_unrand_sphere_of_battle
D:10:     layout_irregular_city, nicolae_dithmenos_through_a_glass_darkly,
          nicolae_trove_entry_isolated, bh_circular_ruins
D:11:     gammafunk_boulding_lane, layout_layer_cave, david_lair_generic,
          gammafunk_ghost_stat_death
D:12:     layout_grid_maze, serial_shops, shop, minmay_diamond_spiral,
          uniq_maurice
D:13:     layout_stronghold, minmay_fractal_squares_diagonal_5
D:15:     gammafunk_enter_depths_forms, layout_cave_pools,
          portal_ice_cave_entry_ice_simulacra, minivault_27, uniq_rupert
Temple:   nicolae_temple_bog_church
Lair:1:   layout_cave_pods
Lair:2:   regret_index_wax_grids, layout_regular_city, minmay_swamp_entry_worms,
          beast_lair_carwin_1, uniq_fannar
Lair:3:   layout_gridlike, nicolae_spider_entry_non_spiders,
          gauntlet_entry_generic, grunt_megastairs_5
Lair:4:   layout_loops_ring, guppyfry_lair_drakes, lemuel_fruit_tree
Lair:5:   evilmike_catoblepas_cave, layout_long_grid, slime_entry_2,
          dreamdust_gnoll_shepherd

Skill      XL: |  1  2  3  4  5  6  7  8  9 10 11 12 13 14 |
---------------+-------------------------------------------+-----
Stealth        | 1 2 3 4 5 6 8 9 10 | 10.0
Long Blades    | 3 4 5 7 10 11 12 13 | 13.7
Fighting       | 4 5 7 8 9 10 11 | 11.7
Dodging        | 4 5 6 7 8 9 10 | 10.7
Shields        | 4 5 7 10 11 | 11.6
Invocations    | 3 6 7 8 9 |  9.8
Evocations     | 3 4 5 6 |  6.0
Throwing       | 2 3 |  3.0
Hexes          | 2 |  2.1
Conjurations   | 2 |  2.2
Spellcasting   | 1 |  1.9

Action                     |  1- 3 |  4- 6 |  7- 9 | 10-12 | 13-15 || total
---------------------------+-------+-------+-------+-------+-------++-------
  Melee: Long sword        |    51 |    71 |     7 |       |       ||   129
         Constrict         |    17 |    14 |    48 |    70 |   100 ||   249
         Tentacles         |     6 |    20 |    53 |   132 |   251 ||   462
         Punch             |       |     1 |     6 |    15 |    31 ||    53
         Scimitar          |       |       |   201 |   457 |   839 ||  1497
  Throw: Dart              |     1 |     7 |     9 |    21 |    43 ||    81
 Invoke: Heroism           |       |       |     5 |    11 |    15 ||    31
  Evoke: Wand              |       |       |       |     5 |     6 ||    11
    Use: Scroll            |     6 |     5 |     4 |     9 |     6 ||    30
         Potion            |       |     1 |     1 |     6 |     2 ||    10
   Stab: Sleeping          |     6 |     8 |     9 |    12 |    24 ||    59
         Distracted        |     1 |       |       |     1 |     2 ||     4
         Confused          |       |       |       |     1 |       ||     1
         Invisible         |       |       |       |     1 |       ||     1
         Petrified         |       |       |       |       |     4 ||     4
 Armour: Skin              |     4 |     2 |     8 |    22 |    53 ||    89
  Dodge: Dodged            |    20 |    45 |    91 |   249 |   565 ||   970
  Block: Buckler           |    19 |    42 |   101 |   232 |   355 ||   749
         Reflection        |       |       |     2 |     7 |     1 ||    10
